 Dungeon Crawl Stone Soup version 0.24.1-11-gbbbb2193e6 (webtiles) character file.

Game seed: 14196708237020370022, levelgen mode: deterministic

350 Peloso the Slasher (level 6, -4/48 HPs)
             Began as a Demonspawn Fighter on May 14, 2020.
             Killed by divine providence
             ... invoked by an orc priest
              (13 damage)
             ... on level 4 of the Dungeon.
             The game lasted 00:05:01 (2763 turns).

Peloso the Slasher (Demonspawn Fighter)             Turns: 2763, Time: 00:05:02

Health: -4/48      AC: 14    Str: 24    XL:     6   Next: 34%
Magic:  6/6        EV:  8    Int:  9    God:
Gold:   59         SH:  9    Dex: 12    Spells: 5/5 levels left

rFire    . . .     SeeInvis .   a - +0 long sword
rCold    . . .     Gourm    .   c - +0 shield
rNeg     . . .     Faith    .   j - +0 scale mail
rPois    .         Spirit   .   (no helmet)
rElec    .         Reflect  .   n - +0 cloak (curse)
rCorr    .         Harm     .   (no gloves)
MR       .....                  (no boots)
Stlth    ..........             (no amulet)
HPRegen  0.16/turn              (no ring)
MPRegen  0.10/turn              (no ring)

@: mighty, sanguine armour
A: hooves 1, spiny 1, rot immunity, sanguine armour 1
a: no special abilities


You were on level 4 of the Dungeon.
You were very hungry.

You visited 1 branch of the dungeon, and saw 4 of its levels.

You collected 59 gold pieces.

Inventory:

Hand Weapons
 a - a +0 long sword (weapon)
 b - a cursed +0 spear
Armour
 c - a +0 shield (worn)
 j - a +0 scale mail (worn)
 n - a cursed +0 cloak (worn)
Jewellery
 p - an uncursed amulet of faith {unknown}
 t - an uncursed ring of stealth {unknown}
 v - an uncursed ring of see invisible {unknown}
Scrolls
 g - 4 scrolls of remove curse {unknown}
 h - 2 scrolls of enchant weapon {unknown}
 k - a scroll of blinking {unknown}
 l - a scroll of enchant armour {unknown}
 o - 2 scrolls of fog {unknown}
 r - a scroll of random uselessness {unknown}
 s - 2 scrolls of teleportation {unknown}
 u - a scroll of magic mapping {unknown}
 y - a scroll of identify {unknown}
Potions
 e - 2 potions of degeneration {unknown}
 i - 2 potions of curing
 m - a potion of invisibility {unknown}
 q - a potion of resistance {unknown}
 x - 2 potions of lignification {unknown}
Comestibles
 f - 6 rations


   Skills:
 + Level 3.8 Fighting
 + Level 4.2 Long Blades
 + Level 3.8 Armour
 + Level 1.2 Dodging
 + Level 0.1 Stealth
 + Level 3.4 Shields


You had 5 spell levels left.
You didn't know any spells.
Your spell library was empty.

Dungeon Overview and Level Annotations

Branches:
Dungeon (4/15)
 Temple: D:4-7

Altars:
Vehumet


Innate Abilities, Weirdness & Mutations

You have large cloven feet.
You are partially covered in sharp spines.
You are immune to rotting.
When seriously injured, your bleeding wounds create armour. (AC +6)


Message History

The weapon returns to the orc!
You block the orc's attack.
You closely miss the orc wizard.
The orc wizard is heavily wounded.
The orc wizard hits you but does no damage.
The orc throws a boomerang.
You block the boomerang.
The weapon returns to the orc!
The orc wizard is struck by your spines.
The orc wizard hits you but does no damage.
The orc is struck by your spines. The orc hits you but does no damage.
You closely miss the orc wizard. You kick the orc wizard.
The orc wizard is almost dead.
The orc wizard gestures wildly while chanting.
The orc wizard blinks!
You block the orc's attack. You block the worker ant's attack.
The orc throws a boomerang.
The boomerang closely misses you.
The weapon returns to the orc!
Unknown command.
You barely miss the worker ant. Your kick misses the worker ant.
The orc priest invokes the aid of Beogh against you.
Beogh smites you!
You die...

... #.. #o# ## #.#
#.#.. #.# ######>#.
#.# ##.....o. #.#
#....o#a# #.#
#(....#@# #.#
#.....o.## #.#
#.......o#
#<#####.....#.....#
#........#.#..#.#.#
#.######...#.##...#
#.# #.###<# ##..#
#.# #.# #.# #.. #.#
#.# #.# .#


You could see a worker ant, an orc priest, an orc wizard and 2 orcs.

Vanquished Creatures
  An ogre (D:4)
  An orc priest (D:4)
  Jessica (D:3)
  Natasha (twice) (D:2)
  A hound skeleton (D:4)
  Robin (D:3)
  4 adders
  A gnoll (D:1)
  An adder skeleton (D:4)
  3 worms (D:2)
  2 leopard geckos
  An orc (D:4)
  8 bats
  4 giant cockroaches (D:2)
  11 goblins
  12 hobgoblins
  8 jackals
  4 quokkas
  2 ball pythons
  4 frilled lizards
  6 kobolds
  5 rats
83 creatures vanquished.

Notes
Turn   | Place    | Note
-------+----------+-------------------------------------------
     0 | D:1      | Peloso the Demonspawn Fighter began the quest for the Orb.
     0 | D:1      | Reached XP level 1. HP: 18/18 MP: 1/1
   192 | D:1      | Gained mutation: You are immune to rotting. [demonic
                  | ancestry]
   192 | D:1      | Reached XP level 2. HP: 2/24 MP: 2/2
   943 | D:2      | Reached skill level 2 in Long Blades
   964 | D:1      | Gained mutation: When seriously injured, your bleeding
                  | wounds create armour. (AC +6) [demonic ancestry]
   964 | D:1      | Reached XP level 3. HP: 16/29 MP: 3/3
  1200 | D:2      | Gained mutation: You are partially covered in sharp spines.
                  | [demonic ancestry]
  1200 | D:2      | Reached XP level 4. HP: 16/35 MP: 4/4
  1844 | D:2      | Noticed Natasha
  1852 | D:2      | Killed Natasha
  1852 | D:2      | Reached skill level 3 in Long Blades
  2033 | D:2      | Noticed Natasha
  2043 | D:2      | Killed Natasha
  2043 | D:2      | Gained mutation: You have large cloven feet. [demonic
                  | ancestry]
  2043 | D:2      | Reached XP level 5. HP: 25/41 MP: 5/5
  2129 | D:3      | Noticed Robin
  2141 | D:3      | Killed Robin
  2141 | D:3      | Reached skill level 1 in Dodging
  2169 | D:3      | Found a radiant altar of Vehumet.
  2249 | D:3      | Noticed Jessica
  2271 | D:3      | Killed Jessica
  2746 | D:4      | Noticed an ogre
  2748 | D:4      | Reached skill level 4 in Long Blades
  2753 | D:4      | Reached XP level 6. HP: 17/48 MP: 6/6
  2763 | D:4      | Killed from afar by an orc priest

Levels and vault maps discovered:
D:1:      dpeg_arrival_central, layout_basic
D:2:      minmay_wonky_spiral, layout_loops_corners, uniq_natasha
D:3:      layout_basic, vehumet_crystals, first_ration, uniq_jessica, uniq_robin
D:4:      layout_loops_ring, portal_sewer_entry_a, minmay_bent

Skill      XL: |  1  2  3  4  5 |
---------------+----------------+-----
Armour         | 3 |  3.8
Shields        | 3 |  3.4
Long Blades    | 2 3 4 |  4.2
Dodging        | 1 |  1.2
Fighting       | |  3.8
Stealth        | |  0.1

Action                   |  1- 3 |  4- 6 || total
-------------------------+-------+-------++-------
Melee: Long sword        |    99 |   138 ||   237
       Kick              |       |    19 ||    19
  Use: Potion            |       |     1 ||     1
  Eat: Chunk             |     1 |     4 ||     5
Armor: Scale mail        |    40 |    53 ||    93
Dodge: Dodged            |    35 |    34 ||    69
Block: Shield            |    55 |    79 ||   134
       Rpst.: Long sword |    11 |    15 ||    26
